Map: Data-C

Players

Silky

  • Race: Zerg Zerg
  • Spawn Location: 3:00

Gerald - Winner!

  • Race: Protoss Protoss
  • Spawn Location: 9:00

Event: DreamHack SC2 Masters 2022 Atlanta (Offline)

VOD

Have the link to the VOD?

Description

Time

  • Played on: Nov. 18, 2022, 3:03 p.m.
  • Length: 27:59

All games in this series

Show
View Real Time Build Order
Export as new Build Order

Silky Zerg 

Build Orders: Hatch First, Lurkers 

Get SALT Encoding   

  12  0:00  Drone  
  13  0:12  Overlord  
  13  0:18  Drone  
  14  0:31  Drone x2  
  16  0:49  Hatchery  
  15  0:52  Drone  
  15  0:55  Drone  
  17  1:00  Drone  
  18  1:10  Extractor  
  17  1:16  Spawning Pool  
  16  1:20  Drone  
  16  1:23  Drone  
  18  1:27  Drone  
  19  1:38  Drone  
  20  1:49  Overlord  
  20  2:03  Queen x2  
  20  2:04  Zergling x4  
  26  2:11  Drone x2  
  28  2:17  Metabolic Boost  
  28  2:22  Drone  
  29  2:23  Drone  
  30  2:39  Hatchery  
  29  2:44  Drone x2  
  29  2:48  Overlord  
  31  2:55  Queen  
  33  3:00  Zergling x4  
  33  3:02  Drone  
  35  3:07  Spore Crawler  
  35  3:08  Drone  
  36  3:12  Queen  
  36  3:16  Drone x2  
  40  3:22  Drone x2  
  40  3:25  Overlord  
  41  3:38  Drone  
  41  3:39  Drone x3  
  44  3:41  Spore Crawler  
  44  3:44  Drone x2  
  44  3:45  Queen  
  46  3:49  Drone  
  46  3:50  Drone  
  46  3:55  Overlord  
  48  4:01  Drone  
  48  4:02  Evolution Chamber  
  48  4:04  Drone  
  48  4:05  Spore Crawler, Drone  
  48  4:07  Overlord  
  49  4:15  Drone x2  
  49  4:16  Drone x3  
  54  4:22  Overlord  
  54  4:27  Queen  
  54  4:29  Drone  
  54  4:30  Spore Crawler, Drone  
  57  4:33  Zerg Melee Weapons Level 1  
  56  4:40  Drone x5  
  56  4:41  Drone  
  56  4:44  Drone x2  
  64  4:48  Drone  
  65  5:00  Drone, Hatchery  
  65  5:03  Overlord  
  65  5:05  Lair  
  65  5:08  Overlord  
  65  5:09  Extractor  
  65  5:10  Extractor  
  65  5:14  Overlord  
  63  5:17  Drone x2  
  63  5:20  Queen x2  
  69  5:22  Drone x3  
  69  5:23  Drone x2  
  74  5:28  Drone x2  
  74  5:29  Drone  
  74  5:33  Drone x4  
  74  5:34  Baneling Nest  
  80  5:37  Drone  
  80  5:38  Drone  
  81  5:43  Drone x3  
  81  5:47  Extractor  
  81  5:49  Drone x5  
  88  5:52  Extractor  
  88  5:53  Extractor  
  86  5:58  Zergling x8  
  86  6:03  Zergling x4  
  89  6:08  Queen  
  89  6:10  Zergling x4  
  87  6:12  Overlord  
  87  6:15  Zergling x4  
  79  6:19  Baneling x6  
  79  6:23  Zergling x2  
  79  6:24  Zergling x4  
  79  6:39  Zergling x2  
  68  6:40  Zergling x18  
  68  6:46  Zerg Melee Weapons Level 2  
  77  6:51  Drone x2  
  79  6:57  Drone x3  
  79  7:00  Drone  
  81  7:03  Drone x2  
  81  7:05  Drone x2  
  85  7:08  Drone  
  85  7:09  Drone x2  
  85  7:10  Drone  
  85  7:12  Drone  
  85  7:14  Drone  
  91  7:17  Drone x2  
  91  7:19  Drone x2  
  95  7:26  Drone x3  
  95  7:27  Drone  
  95  7:31  Drone  
  95  7:32  Hydralisk Den, Drone  
  90  7:37  Zergling x2  
  90  7:38  Zergling x10  
  92  7:51  Zergling x14  
  92  7:59  Zergling x8  
  92  8:04  Overlord  
  94  8:06  Hydralisk  
  94  8:07  Muscular Augments, Hydralisk  
  94  8:09  Overlord  
  94  8:12  Drone x3  
  95  8:13  Drone  
  95  8:14  Overlord  
  95  8:18  Spore Crawler  
  94  8:22  Drone  
  94  8:23  Drone x4  
  94  8:24  Drone  
  100  8:28  Overseer  
  100  8:30  Drone  
  100  8:31  Drone  
  100  8:33  Hydralisk x2  
  106  8:35  Hydralisk, Drone  
  106  8:40  Hydralisk  
  106  8:41  Hydralisk  
  111  8:46  Hydralisk x3  
  119  8:50  Overlord  
  119  8:52  Centrifugal Hooks  
  119  8:56  Overlord x2  
  119  9:00  Lurker Den  
  118  9:09  Infestation Pit  
  117  9:10  Hydralisk x2  
  117  9:11  Hydralisk x2  
  117  9:13  Hydralisk  
  125  9:18  Grooved Spines  
  125  9:19  Overlord  
  125  9:22  Overlord  
  120  9:24  Drone x2  
  120  9:25  Drone  
  120  9:29  Zergling x2  
  120  9:30  Zergling x20  
  124  9:40  Zergling x12  
  124  9:45  Hydralisk x4  
  122  9:46  Hydralisk x2  
  122  9:50  Drone x3  
  122  9:51  Extractor  
  131  9:56  Drone x3  
  131  9:57  Drone x2, Extractor  
  131  9:58  Extractor  
  131  9:59  Lurker  
  137  10:00  Lurker x4  
  137  10:01  Lurker  
  140  10:08  Drone x4  
  140  10:09  Drone  
  140  10:14  Drone x3  
  148  10:21  Overseer x2, Hive  
  148  10:26  Pneumatized Carapace  
  148  10:27  Hatchery  
  147  10:32  Zergling x10  
  147  10:34  Overlord  
  147  10:35  Overlord  
  152  10:47  Overlord  
  152  10:51  Evolution Chamber  
  152  10:52  Zerg Ground Armor Level 1  
  151  10:57  Lurker  
  151  10:58  Lurker x4  
  156  11:07  Drone x2  
  156  11:10  Spire  
  157  11:12  Drone x4  
  157  11:14  Spore Crawler, Drone x2  
  157  11:15  Drone  
  157  11:16  Extractor  
  157  11:17  Spore Crawler x2, Spine Crawler  
  157  11:18  Spore Crawler  
  153  11:20  Extractor  
  153  11:21  Zerg Missile Weapons Level 1  
  151  11:28  Zergling x2  
  151  11:29  Zergling x30  
  151  11:30  Overlord x2  
  151  11:31  Overseer  
  167  11:35  Seismic Spines  
  166  11:40  Drone x3  
  168  11:47  Adrenal Glands  
  163  11:56  Zergling x20  
  163  11:57  Zergling x12  
  169  12:10  Pathogen Glands, Drone x2  
  169  12:12  Spire  
  165  12:22  Corruptor  
  165  12:23  Corruptor x4, Zerg Flyer Weapons Level 1  
  175  12:31  Corruptor x3  
  175  12:32  Adaptive Talons  
  178  12:39  Spore Crawler  
  178  12:40  Spore Crawler x2  
  178  12:41  Lurker x3  
  161  12:59  Drone x4  
  161  13:00  Drone x2  
  161  13:02  Overseer x2  
  161  13:03  Spore Crawler, Viper x2  
  161  13:04  Spore Crawler  
  168  13:15  Corruptor  
  168  13:16  Corruptor x2  
  174  13:20  Spore Crawler  
  174  13:21  Spore Crawler  
  169  13:41  Hydralisk x4  
  165  13:43  Overlord x3  
  162  13:48  Zerg Flyer Armor Level 1  
  162  13:51  Overlord  
  162  13:53  Drone x5  
  162  13:54  Spine Crawler x2, Overlord x2  
  162  13:55  Corruptor x4  
  158  13:56  Corruptor, Spine Crawler  
  164  14:04  Hydralisk x2  
  164  14:06  Lurker x2  
  164  14:07  Lurker x2  
  164  14:08  Zerg Missile Weapons Level 2  
  172  14:18  Hydralisk x2  
  176  14:36  Lurker x2  
  178  14:41  Hydralisk  
  178  14:42  Hydralisk  
  182  14:49  Neural Parasite  
  182  14:50  Zerg Flyer Weapons Level 2, Spore Crawler x2  
  182  14:51  Burrow  
  180  14:53  Spore Crawler  
  180  14:55  Overseer  
  179  15:03  Drone x3  
  179  15:04  Spore Crawler, Drone x2  
  179  15:05  Spore Crawler, Drone  
  179  15:06  Drone x3  
  186  15:12  Lurker x4  
  190  15:17  Overseer x2  
  190  15:27  Infestor x4  
  198  15:31  Hatchery  
  191  15:43  Zergling x18  
  191  15:45  Zerg Flyer Armor Level 2  
  191  15:46  Overseer x2  
  197  16:19  Viper  
  200  16:26  Zerg Missile Weapons Level 3, Zerg Ground Armor Level 2  
  194  16:49  Drone x2  
  194  16:51  Spore Crawler x2  
  194  16:52  Spore Crawler  
  192  16:55  Overlord  
  192  17:01  Queen x3  
  194  17:06  Hatchery  
  197  17:10  Zerg Flyer Weapons Level 3  
  190  17:27  Hydralisk x3  
  190  17:28  Hydralisk x2  
  194  17:40  Spine Crawler  
  194  17:41  Spine Crawler  
  192  17:44  Spore Crawler  
  192  17:45  Spore Crawler x2  
  192  17:46  Spore Crawler x2  
  192  17:47  Spore Crawler  
  186  17:53  Lurker  
  186  17:54  Lurker x4  
  186  17:56  Unknown  
  183  18:02  Zergling x32  
  192  18:40  Hydralisk  
  192  18:41  Hydralisk x2  
  194  18:44  Zerg Ground Armor Level 3, Zerg Flyer Armor Level 3  
  198  19:06  Zerg Melee Weapons Level 3, Hatchery  
  198  19:08  Lurker x2  
  184  19:22  Viper x2  
  179  19:32  Corruptor x4  
  187  19:42  Corruptor x3  
  187  19:43  Corruptor x5  
  194  20:04  Corruptor x2  
  194  20:05  Corruptor x4  
  180  20:18  Zergling x26  
  160  20:33  Zergling x14  
  165  20:36  Ultralisk Cavern  
  164  20:47  Greater Spire  
  164  20:56  Infestor x3  
  168  21:15  Overlord x3  
  168  21:23  Chitinous Plating  
  179  21:25  Ultralisk x2  
  179  21:26  Ultralisk  
  179  21:29  Overlord  
  179  21:30  Overseer, Overlord  
  179  21:31  Overseer  
  185  21:50  Ultralisk  
  185  21:53  Zergling x16  
  198  22:18  Corruptor x2  
  191  22:42  Anabolic Synthesis, Hatchery  
  188  22:55  Zergling x12, Ultralisk  
  199  23:01  Lair  
  170  23:31  Ultralisk x2  
  170  23:32  Zergling x14, Ultralisk  
  188  23:39  Ultralisk  
  188  23:45  Zergling x8  
  189  23:50  Infestor  
  185  24:03  Unknown  
  185  24:04  Ultralisk x2  
  185  24:05  Zergling x8  
  197  24:15  Hatchery  
  197  24:16  Infestor x2  
  182  24:33  Zergling x4, Overseer x2  
  182  24:34  Zergling x12  
  187  24:42  Drone x3  
  186  24:56  Zergling x10  
  183  25:03  Baneling x2  
  183  25:04  Baneling x9  
  183  25:12  Zergling x2  
  183  25:13  Zergling x12  
  176  25:17  Zergling x8  
  172  25:25  Ultralisk x2  
  172  25:26  Ultralisk  
  182  25:31  Zergling x2  
  182  25:32  Zergling x4  
  184  25:38  Overseer x2  
  184  25:39  Hive  
  184  25:44  Zergling x10  
  189  26:00  Spore Crawler  
  189  26:03  Zergling x2  
  189  26:04  Zergling x2  
  174  26:16  Overlord x3  
  174  26:18  Overseer x3  
  170  26:38  Overlord x3  
  170  26:41  Extractor  
  170  26:42  Extractor  
  167  26:52  Infestor x3  
  167  27:02  Zergling x28, Ultralisk x2  
  193  27:12  Hatchery  
  192  27:16  Ultralisk Cavern  
  192  27:19  Spawning Pool  
  190  27:24  Zergling x2  
  190  27:25  Zergling x2  
  190  27:26  Overlord  
  167  27:39  Zergling x2  
  152  27:54  Spire  
Show
View Real Time Build Order
Export as new Build Order

Gerald Protoss - Winner!

Build Orders: 1 Gate Expand, Oracle Opening, Carriers 

Get SALT Encoding   

  12  0:00  Probe  
  13  0:12  Probe  
  14  0:19  Pylon  
  14  0:24  Probe  
  15  0:37  Probe (Chrono Boost)  
  15  0:40  Gateway  
  16  0:46  Probe (Chrono Boost)  
  17  0:50  Assimilator  
  17  0:51  Probe  
  18  1:03  Probe  
  19  1:16  Probe  
  20  1:25  Nexus  
  20  1:34  Probe  
  20  1:39  Cybernetics Core  
  21  1:46  Probe  
  22  1:47  Assimilator  
  22  1:56  Pylon  
  22  1:58  Probe  
  23  2:13  Adept (Chrono Boost)  
  23  2:14  Probe  
  26  2:24  Stargate  
  26  2:26  Probe  
  27  2:34  Adept (Chrono Boost)  
  29  2:38  Warp Gate, Probe  
  29  2:39  Probe  
  30  2:50  Probe  
  31  2:51  Probe  
  31  2:56  Adept  
  34  3:03  Probe x2  
  40  3:15  Probe x2, Void Ray (Chrono Boost)  
  40  3:19  Pylon  
  42  3:27  Probe  
  42  3:29  Probe  
  44  3:39  Probe  
  43  3:42  Probe  
  43  3:43  Oracle (Chrono Boost)  
  45  3:50  Gateway  
  45  3:51  Probe  
  45  3:54  Probe  
  47  3:57  Twilight Council  
  47  4:03  Nexus  
  47  4:06  Pylon  
  47  4:08  Probe  
  48  4:11  Probe  
  48  4:14  Assimilator  
  49  4:22  Gateway x2  
  49  4:25  Resonating Glaives (Chrono Boost), Probe x2  
  49  4:29  Adept  
  53  4:39  Probe  
  53  4:40  Probe  
  53  4:42  Pylon  
  55  4:51  Adept x2, Probe  
  60  5:00  Probe  
  60  5:04  Probe  
  62  5:11  Adept, Pylon  
  62  5:12  Adept, Probe  
  62  5:13  Pylon  
  67  5:17  Probe  
  68  5:22  Probe  
  68  5:23  Adept x2  
  68  5:25  Probe  
  74  5:29  Probe  
  74  5:32  Adept x2  
  74  5:34  Probe  
  80  5:37  Probe  
  80  5:38  Forge  
  80  5:41  Probe (Chrono Boost)  
  80  5:42  Blink (Chrono Boost)  
  82  5:45  Stalker  
  82  5:46  Stalker  
  86  5:52  Probe (Chrono Boost)  
  86  5:55  Gateway  
  89  5:57  Gateway, Probe (Chrono Boost)  
  89  5:59  Probe (Chrono Boost)  
  89  6:06  Probe x3 (Chrono Boost)  
  92  6:17  Probe x2  
  92  6:18  Adept x3, Probe  
  101  6:20  Gateway  
  101  6:21  Gateway  
  101  6:22  Protoss Ground Weapons Level 1 (Chrono Boost), Pylon  
  99  6:29  Probe  
  100  6:39  Probe  
  85  6:40  Nexus  
  85  6:41  Gateway  
  85  6:43  Pylon  
  83  6:50  Probe  
  83  6:51  Adept x3  
  83  6:52  Adept x2  
  94  6:59  Probe  
  85  7:02  Pylon  
  85  7:06  Probe x2  
  87  7:08  Templar Archives, Assimilator  
  87  7:09  Assimilator  
  87  7:12  Stalker, Assimilator  
  87  7:13  Stalker x4  
  87  7:15  Probe  
  98  7:22  Adept x2  
  97  7:23  Adept  
  97  7:24  Probe  
  102  7:33  Nexus  
  102  7:46  Stalker x6  
  102  7:48  Probe  
  115  7:52  Probe  
  115  7:58  Probe  
  111  8:03  Probe  
  111  8:05  Protoss Ground Weapons Level 2 (Chrono Boost)  
  108  8:08  Probe  
  108  8:10  Probe  
  104  8:13  Photon Cannon  
  104  8:14  Shield Battery  
  104  8:15  Probe  
  104  8:18  Photon Cannon  
  104  8:19  Adept x7, Pylon  
  117  8:21  Probe  
  117  8:23  Stalker  
  117  8:26  Probe  
  121  8:28  Probe, Assimilator  
  121  8:30  Assimilator  
  121  8:32  Pylon  
  122  8:43  High Templar x2  
  122  8:44  Probe  
  122  8:46  Stalker x2  
  122  8:47  Probe  
  132  8:52  Gateway  
  132  8:54  Archon, Gateway  
  132  8:55  Stalker x3  
  136  9:00  Pylon  
  138  9:07  Stalker x2  
  142  9:10  Charge (Chrono Boost)  
  142  9:11  Forge  
  142  9:23  Stalker x5  
  142  9:24  Stalker x2  
  140  9:39  Protoss Ground Armor Level 1 (Chrono Boost)  
  140  9:42  Psionic Storm  
  140  9:43  Probe  
  133  9:50  Probe x2  
  129  9:53  Stalker x2  
  129  9:54  Stalker x3  
  129  9:56  High Templar  
  141  10:02  Zealot x5  
  141  10:03  Probe  
  152  10:08  Nexus, Pylon  
  152  10:11  Pylon  
  152  10:18  Gateway  
  152  10:20  High Templar x2  
  156  10:21  Zealot x2  
  156  10:22  Zealot x2  
  156  10:23  Gateway  
  156  10:26  Fleet Beacon  
  164  10:30  Shield Battery  
  164  10:32  Shield Battery, Probe  
  164  10:34  Photon Cannon  
  165  10:35  Photon Cannon  
  165  10:36  Probe  
  165  10:38  Protoss Ground Weapons Level 3 (Chrono Boost)  
  165  10:39  Oracle (Chrono Boost)  
  161  10:43  Stargate  
  161  10:45  Assimilator  
  161  10:49  Assimilator  
  161  10:52  Photon Cannon  
  161  10:53  Shield Battery, Probe  
  161  10:56  Probe  
  161  10:57  Probe  
  164  11:00  Photon Cannon  
  164  11:02  Zealot, Pylon  
  164  11:03  Zealot x2  
  170  11:05  Protoss Air Weapons Level 1 (Chrono Boost)  
  170  11:06  Zealot  
  170  11:08  High Templar x2  
  176  11:15  Zealot x3  
  180  11:23  Carrier (Chrono Boost)  
  192  11:33  Carrier (Chrono Boost)  
  190  12:02  High Templar  
  190  12:07  Zealot x4  
  190  12:08  Zealot x3  
  188  12:15  Protoss Ground Armor Level 2 (Chrono Boost)  
  194  12:27  Carrier (Chrono Boost)  
  194  12:28  Carrier (Chrono Boost)  
  186  12:37  Stargate x2  
  186  12:42  Pylon  
  186  12:47  Zealot  
  186  12:48  Zealot x6  
  200  12:52  Nexus  
  200  12:55  Pylon  
  200  13:13  Photon Cannon  
  200  13:14  Protoss Shields Level 1 (Chrono Boost)  
  200  13:15  Photon Cannon  
  200  13:16  Photon Cannon  
  200  13:17  Shield Battery  
  200  13:19  Shield Battery  
  200  13:21  Shield Battery  
  200  14:10  Nexus, Carrier (Chrono Boost)  
  200  14:12  Pylon  
  200  14:18  Protoss Air Weapons Level 2 (Chrono Boost)  
  192  14:38  Photon Cannon  
  198  14:39  Protoss Ground Armor Level 3 (Chrono Boost), Photon Cannon  
  198  14:41  Carrier (Chrono Boost), Photon Cannon  
  198  14:43  Photon Cannon  
  198  14:45  Shield Battery  
  198  14:46  Shield Battery  
  198  14:49  Shield Battery  
  198  14:52  Shield Battery  
  198  14:53  Shield Battery  
  198  14:55  Pylon  
  198  14:57  Assimilator  
  198  15:00  Protoss Shields Level 2  
  198  15:03  Assimilator  
  198  15:04  Stargate  
  198  15:07  Stargate  
  198  15:09  Pylon  
  198  15:25  Oracle (Chrono Boost)  
  199  15:41  Oracle (Chrono Boost)  
  199  15:56  Gateway  
  199  15:57  Gateway  
  199  16:00  Nexus  
  199  16:04  Pylon  
  199  16:05  Pylon  
  199  16:07  Assimilator  
  191  16:47  Carrier  
  183  17:04  Robotics Facility  
  183  17:05  Robotics Facility  
  183  17:12  Protoss Air Weapons Level 3 (Chrono Boost)  
  183  17:15  Photon Cannon  
  183  17:17  Photon Cannon  
  183  17:19  Photon Cannon  
  181  17:29  Shield Battery x2  
  179  17:32  Shield Battery, Mothership  
  179  17:34  Protoss Shields Level 3 (Chrono Boost), Photon Cannon  
  179  17:36  Photon Cannon  
  187  17:38  Shield Battery, Tempest x2  
  187  17:39  Shield Battery  
  187  17:40  Photon Cannon  
  187  17:42  Photon Cannon  
  193  17:59  Zealot x3  
  189  18:22  Carrier  
  189  18:29  Carrier  
  189  18:33  Assimilator  
  195  18:34  Pylon  
  189  18:43  Tempest x2  
  199  19:11  Nexus  
  199  19:12  Pylon  
  197  19:28  Gateway  
  197  19:29  Gateway  
  197  19:42  Protoss Air Armor Level 1 (Chrono Boost)  
  173  19:46  Carrier x3  
  191  19:58  Mothership  
  194  20:28  Carrier  
  194  20:47  Photon Cannon  
  194  20:48  Photon Cannon  
  194  20:49  Photon Cannon  
  194  20:50  Carrier (Chrono Boost)  
  194  20:51  Shield Battery  
  194  20:53  Shield Battery  
  194  20:55  Shield Battery  
  194  20:56  Pylon  
  200  21:18  Unknown  
  200  21:22  Photon Cannon  
  200  21:24  Photon Cannon  
  200  21:25  Shield Battery  
  200  21:27  Shield Battery  
  200  21:29  Photon Cannon  
  200  21:32  Shield Battery  
  200  21:35  Pylon  
  200  21:40  Protoss Air Armor Level 2 (Chrono Boost)  
  200  21:44  Photon Cannon  
  200  21:45  Shield Battery, Pylon  
  200  21:56  Nexus  
  200  21:59  Pylon  
  200  22:01  Pylon  
  198  22:23  Nexus  
  198  22:26  Pylon  
  198  22:28  Pylon  
  198  22:30  Pylon  
  198  22:31  Unknown  
  198  22:33  Pylon  
  183  22:39  Zealot x9  
  183  22:40  Zealot x2  
  186  22:56  Carrier x2  
  190  23:25  Nexus  
  156  23:30  Stalker x14  
  156  23:31  Stalker x3  
  156  23:34  Carrier x2  
  152  23:44  Pylon  
  152  23:47  Mothership  
  152  23:48  Assimilator  
  147  23:51  Assimilator  
  146  24:00  Carrier (Chrono Boost)  
  156  24:07  Carrier (Chrono Boost)  
  152  24:13  High Templar x3  
  145  24:31  Stalker x10  
  145  24:32  Stalker x4  
  145  24:35  Oracle (Chrono Boost)  
  145  24:36  Protoss Air Armor Level 3 (Chrono Boost)  
  176  24:45  Carrier (Chrono Boost)  
  176  24:46  Probe  
  155  24:55  Oracle (Chrono Boost)  
  155  24:59  Archon  
  158  25:03  Zealot x9  
  158  25:04  Carrier, Zealot x3  
  188  25:14  Probe  
  143  25:22  Probe  
  143  25:24  Probe  
  135  25:29  High Templar  
  135  25:30  High Templar x13  
  135  25:31  High Templar x3  
  135  25:35  Carrier x2  
  163  25:37  Archon x3  
  163  25:38  Archon x3  
  163  25:39  Archon  
  163  25:42  Carrier  
  167  25:52  Probe  
  167  25:54  Robotics Facility  
  168  25:59  Immortal x2  
  176  26:04  High Templar x3  
  179  26:12  Archon  
  171  26:20  High Templar x2  
  171  26:21  High Templar x2  
  173  26:35  Tempest  
  173  26:39  Tempest x2  
  188  26:43  Zealot x6  
  188  26:46  Nexus  
  199  27:06  Archon  
Tags
 
Add a new tag
Caveats
  • Supply blocks, unpowered buildings, or Contaminate may cause inaccurate times.
  • Supply counts are checked every 10 seconds.